 Dungeon Crawl Stone Soup version 0.27.1-15-g792fb953b9 (webtiles) character file.

Game seed: 14175439023650263629

51 tizbic2 the Sneak (level 3, -1/12 HPs)
             Began as a Vampire Enchanter on Nov 19, 2021.
             Slain by a hobgoblin (3 damage)
             ... on level 2 of the Dungeon.
             The game lasted 00:16:10 (1979 turns).

tizbic2 the Sneak (Vampire Enchanter)               Turns: 1979, Time: 00:16:10

Health: -1/12      AC:  2    Str:  7    XL:     3   Next: 58%
Magic:  5/6        EV: 12    Int: 17    God:
Gold:   89         SH:  0    Dex: 15    Spells: 1/7 levels left

rFire    . . .     SeeInvis +   o - +0 rapier
rCold    + + .     Faith    .   (no shield)
rNeg     + + +     Spirit   .   b - +0 robe
rPois    ∞         Reflect  .   (no helmet)
rElec    .         Harm     .   (no cloak)
rCorr    .         Rampage  .   (no gloves)
Will     +....                  (no boots)
Stlth    +++++.....             (no amulet)
HPRegen  0.00/turn              g - ring of willpower
MPRegen  0.10/turn              (no ring)

@: bloodless, inhibited regen
A: bloodless, fangs 3, see invisible, vampiric 2, [frail 3]
a: Bat Form, Revivify


You were on level 2 of the Dungeon.
You visited 1 branch of the dungeon, and saw 3 of its levels.

You collected 89 gold pieces.

Inventory:

Hand Weapons
 o - a +0 rapier (weapon)
Missiles
 c - 5 boomerangs
 l - 14 poisoned darts
Armour
 b - a +0 robe (worn)
 k - a +0 ring mail
Jewellery
 g - a ring of willpower (left hand)
Wands
 h - a wand of polymorph (6)
Scrolls
 f - a scroll of identify {unknown}
 m - 3 scrolls of silence {unknown}
 n - a scroll of magic mapping {unknown}
Potions
 d - 2 potions of attraction {unknown}
 e - 2 potions of resistance {unknown}
 i - a potion of degeneration {unknown}
 j - a potion of heal wounds {unknown}


   Skills:
 + Level 0.6 Fighting
 - Level 1.1 Short Blades
 * Level 1.0 Polearms
 + Level 2.5 Dodging
 * Level 5.1 Stealth
 + Level 2.5 Spellcasting
 * Level 4.8 Hexes


You had one spell level left.
You knew the following spells:

 Your Spells              Type           Power      Damage    Failure   Level
a - Corona                Hex            20%        N/A       2%          1
b - Ensorcelled Hibernat  Hex/Ice        20%        N/A       11%         2
c - Confusing Touch       Hex            18%        N/A       8%          3

Your spell library contained the following spells:

 Spells                   Type           Power      Damage    Failure   Level
 Tukima's Dance           Hex            18%        N/A       8%          3
 Dazzling Flash           Conj/Hex       20%        N/A       21%         3


Dungeon Overview and Level Annotations

Branches:
Dungeon (3/15)

Altars:


Innate Abilities, Weirdness & Mutations

You do not regenerate when monsters are visible.
You are frail without blood (-20% HP).
You can heal yourself when you bite living creatures.
You are immune to poison.
You have razor-sharp teeth.
You have supernaturally acute eyesight. (SInv)
You are afflicted with vampirism and can become a bat while bloodless.
[You are extremely frail. (-30% HP)]


Message History

A hobgoblin comes into view.
Found a stone staircase leading down.
An orc comes into view. It is wielding a +0 hand axe.
An orc priest comes into view. It is wielding a +0 short sword.
An orc comes into view. It is wielding a +0 club.
A worm comes into view. 2 orcs come into view.
The orc shouts! x4; The hobgoblin shouts!
The hobgoblin hits you.
You hear a shout!
The hobgoblin closely misses you. The hobgoblin barely misses you.
You closely miss the hobgoblin.
The orc priest shouts!
The hobgoblin barely misses you.
You hit the hobgoblin. Your bite misses the hobgoblin.
The hobgoblin is almost dead.
The hobgoblin hits you.
The orc priest looks encouraged for a moment.
You barely miss the hobgoblin.
The hobgoblin is almost dead.
The hobgoblin hits you.
* * * LOW HITPOINT WARNING * * *
The orc priest casts a cantrip, but nothing happens.
You see here a worm corpse.
There is a stone staircase leading up here.
You climb upwards.
There is a stone staircase leading down here.
Casting: Ensorcelled Hibernation (safe; 11% risk of failure)
Confirm with . or Enter, or press ? or * to list all spells.
Aiming: Corona (safe; 2% risk of failure)
Press: ? - help, Shift-Dir - straight line, f - hobgoblin
Aim: a hobgoblin (heavily wounded, chance to affect: 73%)
The hobgoblin is outlined in light.
The hobgoblin closely misses you.
You barely miss the hobgoblin.
The hobgoblin is heavily wounded.
The hobgoblin hits you.
* * * LOW HITPOINT WARNING * * *
The hobgoblin hits you.
You die...

...# ####.#########.#
##.############.........>....#
#.#.................############
##.#.................#...........
.....................#.#.#..#####
........#.#####......#.#.#..# #
........#..........#.#.#.#..# #
...##...<........g.#.#...#..# #
................@..#.#####..#####
...................#.............
............###....##############
##..........######..........#
#................#########.#
##................# #.#
...#....#.........# #.#
...#....#.........# #.#
...#....#.........# #.#


You could see a hobgoblin (corona).

Vanquished Creatures
  An adder (D:2)
  2 worms
  A dart slug (D:1)
  3 bats
  4 endoplasms
  A giant cockroach (D:1)
  2 goblins
  2 hobgoblins (D:1)
  4 jackals (D:2)
  2 kobolds
  A quokka (D:1)
  4 ball pythons
  6 frilled lizards
  2 rats
35 creatures vanquished.

Notes
Turn   | Place    | Note
-------+----------+-------------------------------------------
     0 | D:1      | tizbic2 the Vampire Enchanter began the quest for the Orb.
     0 | D:1      | Reached XP level 1. HP: 13/13 MP: 3/3
    65 | D:1      | Found a faded altar of an unknown god.
   164 | D:1      | Reached XP level 2. HP: 15/15 MP: 5/5
   396 | D:1      | Learned a level 2 spell: Ensorcelled Hibernation
  1028 | D:2      | Gained mutation: You are afflicted with vampirism and can
                  | become a bat while bloodless. [Vampire growth]
  1028 | D:2      | Reached XP level 3. HP: 15/15 MP: 3/6
  1389 | D:2      | Reached skill level 1 in Polearms
  1389 | D:2      | Reached skill level 5 in Stealth
  1466 | D:2      | Learned a level 3 spell: Confusing Touch
  1979 | D:2      | Slain by a hobgoblin

Illustrated notes

Levels and vault maps discovered:
D:1:      lordsloth_arrival_two_stooges, layout_loops_ring,
          hellmonk_ecumenical_altar_lost_god
D:2:      layout_basic
D:3:      layout_loops_ring, kennysheep_generic_room_14, uniq_terence

Skill      XL: |  1  2  3 |
---------------+----------+-----
Polearms       | 1 |  1.0
Stealth        | 5 |  5.1
Fighting       | |  0.6
Short Blades   | |  1.1
Dodging        | |  2.5
Spellcasting   | |  2.5
Hexes          | |  4.8

Action                   || total
-------------------------++-------
Melee: Dagger            ||    71
       Bite              ||     2
       Rapier            ||     4
 Cast: Ensorcelled Hiber ||     9
       Corona            ||     8
       Confusing Touch   ||     1
 Abil: Exsanguinate      ||     4
       Revivify          ||     3
 Stab: Sleeping          ||    22
       Distracted        ||     1
Armor: Robe              ||    11
Dodge: Dodged            ||    50
